 Dungeon Crawl Stone Soup version 0.17-a0-1115-g0372368 (webtiles) character file.

7807 HeyJoe the Cleaver (level 11, -2/108 HPs)
             Began as a Deep Dwarf Berserker on May 23, 2015.
             Was the Champion of Trog.
             Slain by a yak (8 damage)
             ... on level 9 of the Dungeon.
             The game lasted 00:36:04 (7266 turns).

HeyJoe the Cleaver (Deep Dwarf Berserker)           Turns: 7266, Time: 00:36:04

Health: -2/108     AC: 13    Str: 28    XL:     11   Next: 1%
Magic:  6/6        EV: 11    Int:  7    God:    Trog [******]
Gold:   444        SH:  0    Dex: 12    Spells: 0 memorised, 10 levels left

rFire  . . .     SeeInvis .     g - +0 war axe
rCold  . . .     Clarity  .     s - +0 scale mail
rNeg   + . .     SustAt   .     (no shield)
rPois  .         Gourm    .     j - +0 helmet
rElec  .         Spirit   .     (no cloak)
rCorr  .         Warding  +     B - +0 pair of gloves
rMut   .         Stasis   .     E - +0 pair of boots "Idus" {Str+3}
MR     +....                    K - amulet of warding
Stlth  ..........               (no ring)
                                (no ring)

@: exhausted, non-regenerating, slowed, very slow, somewhat resistant to hostile
enchantments, extremely unstealthy
A: damage resistance, recharge devices, sense surroundings 2, slow healing 3
a: Device Recharging, Burn Spellbooks, Berserk, Trog's Hand, Brothers in Arms,
Renounce Religion


You were on level 9 of the Dungeon.
You worshipped Trog.
Trog was exalted by your worship.
You were hungry.

You visited 2 branches of the dungeon, and saw 10 of its levels.
You also visited: Sewer.

You collected 444 gold pieces.

Inventory:

Hand weapons
 g - a +0 war axe (weapon)
Armour
 b - a +0 animal skin
 j - a +0 helmet (worn)
 s - a +0 scale mail (worn)
 B - a +0 pair of gloves (worn)
 E - the +0 pair of boots "Idus" (worn) {Str+3}
   (You found it on level 6 of the Dungeon)

   It affects your strength (+3).
Jewellery
 K - an amulet of warding (around neck)
Magical devices
 c - a wand of heal wounds (3)
 n - a wand of slowing (6)
 A - a wand of cold (10)
 D - a wand of digging (10)
 H - a wand of magic darts (29)
 L - a wand of flame (20)
Scrolls
 h - 3 scrolls of blinking
 m - 4 scrolls of teleportation {unknown}
 o - 2 scrolls of magic mapping
 q - a scroll of random uselessness {unknown}
 r - 6 scrolls of identify
 v - 3 scrolls of recharging {unknown}
 w - a scroll of fear {unknown}
 x - a scroll of fog
 y - 2 scrolls of enchant weapon {unknown}
 F - 2 scrolls of amnesia {unknown}
 I - a scroll of vulnerability {unknown}
Potions
 a - 2 potions of agility {unknown}
 e - 4 potions of curing {unknown}
 f - 2 potions of resistance {unknown}
 l - a potion of mutation {unknown}
 p - 4 potions of heal wounds
 t - 4 potions of brilliance {unknown}
 u - 2 potions of might {unknown}
 z - a potion of invisibility {unknown}
 G - a potion of magic {unknown}
 J - a potion of lignification {unknown}
Comestibles
 d - 11 bread rations
 i - 3 chunks of flesh
 k - 3 meat rations
 C - 2 fruits


   Skills:
 - Level 10.0 Fighting
 + Level 11.1 Axes
 - Level 10.3 Armour
 - Level 2.1 Dodging


You had 10 spell levels left.
You didn't know any spells.

Dungeon Overview and Level Annotations

Branches:
Dungeon (9/15)             Temple (1/1) D:5
   Lair: D:8-11         Orc: D:9-12

Altars:
Ashenzari
Cheibriados
Dithmenos
Elyvilon
Fedhas
Gozag
Kikubaaqudgha
Makhleb
Nemelex Xobeh
Okawaru
Qazlal
Ru
Sif Muna
Trog
Vehumet
Xom
Yredelemnul
Zin
The Shining One


Innate Abilities, Weirdness & Mutations

You are resistant to damage.
You can recharge devices by infusing magical energy.
You passively map the area around you.
You do not heal naturally.


Message History

You barely miss the yak.
The yak is moderately wounded.
The yak gores you.
* * * LOW HITPOINT WARNING * * *
The yak gores you but does no damage.
You slice the yak!!
The yak is almost dead.
The yak gores you!
* * * LOW HITPOINT WARNING * * *
You barely miss the yak.
The yak is almost dead.
The yak gores you!
* * * LOW HITPOINT WARNING * * *
The yak gores you but does no damage.
You hit the yak but do no damage.
The yak is almost dead.
You hit the yak.
The yak is lightly wounded.
The yak gores you but does no damage. The yak gores you!
You die...

#............###.#
.................#
#####'#######....#
..#.........#....#
..+.........#.<..#
..#.........#....#
..##....##..#....#
..##....#####..#Y#
........##..#..#@#
####........#..#Y#
*#........#....#
#....#####.$..#
*######.....#..# *
, , ......#..#
,,.......#..#
../.#Y.#..# ,,
..Y.#Y.#..#


You could see 2 yaks.

Vanquished Creatures
  A troll (D:7)
  2 two-headed ogres (D:8)
  A spriggan (D:7)
  Grum (D:8)
  3 wolves (D:8)
  7 yaks (D:9)
  3 phantoms
  A necrophage (D:8)
  2 sky beasts
  5 orc warriors (D:8)
  2 eyes of draining (D:4)
  5 centaurs
  An ice beast (D:5)
  10 ogres
  A crocodile (D:8)
  5 giant frogs
  A scorpion (D:7)
  A water moccasin zombie (D:6)
  15 wights
  2 jellies
  A giant frog skeleton (D:7)
  12 orc priests
  A centaur zombie (D:5)
  5 crimson imps
  3 hounds
  A centaur skeleton (D:7)
  3 iguanas
  Jessica (D:2)
  9 orc wizards
  A worker ant (D:4)
  3 gnoll shamans (D:8)
  A hound skeleton (D:4)
  A hound zombie (D:6)
  A worker ant zombie (D:5)
  21 adders
  16 gnolls
  A shadow imp (D:5)
  3 river rats
  5 oozes
  An adder skeleton (D:4)
  3 worms
  3 giant geckos
  48 orcs
  19 ball pythons
  8 bats
  3 bat zombies
  7 giant cockroaches
  15 hobgoblins
  24 jackals
  4 quokkas
  3 giant newts
  26 goblins
  21 kobolds
  A quokka zombie (D:3)
  46 rats
390 creatures vanquished.

Vanquished Creatures (others)
  An orc wizard (D:8)
  5 fungi (D:8)
6 creatures vanquished.

Grand Total: 396 creatures vanquished

Notes
Turn   | Place    | Note
--------------------------------------------------------------
     0 | D:1      | HeyJoe the Deep Dwarf Berserker began the quest for the Orb.
     0 | D:1      | Reached XP level 1. HP: 20/20 MP: 1/1
   160 | D:1      | Reached XP level 2. HP: 20/27 MP: 2/2
   182 | D:1      | Reached skill level 4 in Axes
   324 | D:1      | Reached XP level 3. HP: 26/33 MP: 3/3
   391 | D:1      | Acquired Trog's second power
   574 | D:1      | Reached skill level 5 in Axes
   726 | D:2      | HP: 1/33 [adder (1)]
   779 | D:2      | Reached XP level 4. HP: 24/40 MP: 4/4
  1029 | D:2      | Noticed Jessica
  1034 | D:2      | Killed Jessica
  1034 | D:2      | Reached skill level 6 in Axes
  1255 | D:3      | Reached XP level 5. HP: 44/46 MP: 5/5
  1366 | D:3      | Reached skill level 7 in Axes
  1431 | D:3      | HP: 2/46 [orc wizard/dagger (3)]
  1436 | D:3      | Reached XP level 6. HP: 33/55 MP: 6/6
  1759 | D:3      | Reached skill level 8 in Axes
  1774 | D:3      | Acquired Trog's third power
  2092 | D:4      | Found a glowing drain.
  2120 | Sewer    | Entered a sewer
  2291 | Sewer    | Reached XP level 7. HP: 28/61 MP: 7/7
  2294 | Sewer    | Received a gift from Trog
  2373 | Sewer    | Reached skill level 9 in Axes
  2720 | D:4      | Received a gift from Trog
  2833 | D:4      | Found a shimmering altar of Xom.
  3032 | D:4      | Reached skill level 10 in Axes
  3132 | D:4      | Found a bloodstained altar of Trog.
  3148 | D:4      | Reached XP level 8. HP: 24/68 MP: 0/8
  3374 | D:4      | Reached skill level 5 in Armour
  3540 | D:5      | Entered Level 5 of the Dungeon
  4305 | D:5      | Found a staircase to the Ecumenical Temple.
  4311 | Temple   | Entered the Ecumenical Temple
  4519 | D:6      | Gained mutation: You passively map the area around you. [Deep Dwarf growth]
  4519 | D:6      | Reached XP level 9. HP: 48/74 MP: 7/7
  4594 | D:6      | Reached skill level 10 in Armour
  4642 | D:6      | Found a sacrificial altar of Ru.
  4843 | D:6      | Got a pair of bloodstained boots
  4849 | D:6      | Identified the +0 pair of boots "Idus" {Str+3} (You found it on level 6 of the Dungeon)
  4864 | D:6      | Found an iron altar of Okawaru.
  4925 | D:6      | Found an opulent altar of Gozag.
  5408 | D:7      | Found a snail-covered altar of Cheibriados.
  5447 | D:7      | Reached skill level 5 in Fighting
  5483 | D:7      | Received a gift from Trog
  5724 | D:7      | Reached XP level 10. HP: 23/92 MP: 7/7
  5988 | D:8      | Found a stormy altar of Qazlal.
  6210 | D:8      | Noticed Grum
  6223 | D:8      | Killed Grum
  6289 | D:8      | Found a stormy altar of Qazlal.
  6522 | D:8      | Found a blossoming altar of Fedhas.
  6931 | D:8      | Reached skill level 10 in Fighting
  7254 | D:9      | Reached skill level 11 in Axes
  7260 | D:9      | Reached XP level 11. HP: 27/108 MP: 6/6
  7266 | D:9      | Slain by a yak

Vault maps used:
D:1:      dpeg_arrival_rhombus
D:2:      corexii_item_surrounded_by_moat, uniq_jessica
D:3:      minmay_item_behind_shaft
D:4:      nicolae_overflow_hidden_temple, portal_sewer_entry_b,
          minmay_misc_feat_encased, trog_eyes_of_draining
D:5:      minmay_temple_entry_enclosed_plants, first_bread
D:6:      nicolae_ru_sacrificial_ziggurat, okawaru_metal_pillars_3,
          nicolae_overflow_crystal_walls
D:7:      the_bakery, cheibriados_altar_wand_db
D:8:      kennysheep_seaside_town, grunt_temple_overflow_forces_of_nature,
          nicolae_two_hexagons, nicolae_qazlal_style_of_elements, uniq_grum
D:9:      lemuel_doored_altar
Temple:   circular_temple_12
Sewer:    sewer_minmay_w

Action                   |  1- 3 |  4- 6 |  7- 9 | 10-12 || total
-------------------------+-------+-------+-------+-------++-------
Melee: Hand axe          |   125 |    99 |       |       ||   224
       War axe           |       |   167 |   507 |   243 ||   917
Invok: Berserk           |     3 |     4 |    12 |     9 ||    28
       Trog's Hand       |       |     2 |     2 |     1 ||     5
       Burn Spellbooks   |       |     1 |     1 |       ||     2
 Abil: Device Recharging |       |       |     3 |     2 ||     5
Evoke: Wand              |     1 |     2 |    11 |    11 ||    25
  Use: Scroll            |       |     6 |       |       ||     6
 Stab: Sleeping          |       |     1 |       |       ||     1
  Eat: Chunk             |     3 |    10 |    20 |    15 ||    48
       Royal jelly       |       |       |     1 |       ||     1
       Beef jerky        |       |       |     1 |       ||     1
